 Dungeon Crawl Stone Soup version 0.23.2-40-g277498a001 (webtiles) character file.

Game seed: 12270920654269161350

793 Descartes the Skirmisher (level 8, -9/64 HPs)
             Began as a Formicid Abyssal Knight on Oct 11, 2019.
             Was a Believer of Lugonu.
             Mangled by a two-headed ogre
             ... wielding a +0 giant club
              (10 damage)
             ... while petrified by Psyche
             ... on level 8 of the Dungeon.
             The game lasted 00:15:59 (7121 turns).

Descartes the Skirmisher (Formicid Abyssal Knight)  Turns: 7121, Time: 00:16:00

Health: -9/64      AC: 10    Str: 21      XL:     8   Next: 12%
Magic:  11/11      EV:  2    Int: 12      God:    Lugonu [**....]
Gold:   217        SH:  0    Dex:  6 (10) Spells: 7/7 levels left

rFire    . . .     SeeInvis +   x - +0 war axe
rCold    + . .     Gourm    .   (no shield)
rNeg     + + +     Faith    .   e - +1 scale mail {rC+}
rPois    ∞         Spirit   .   (helmet unavailable)
rElec    .         Reflect  .   (no cloak)
rCorr    .         Harm     .   (no gloves)
MR       .....                  (no boots)
Stlth    ..........             (no amulet)
HPRegen  0.20/turn              k - +2 ring of strength
MPRegen  0.12/turn              (no ring)

@: petrified, very slightly contaminated, heavily drained, invisible
A: permanent stasis, dig shafts and tunnels, four strong arms, antennae 3, claws
1, icy blue scales 1, rugged brown scales 1, deterioration 1
a: Dig, Shaft Self, Depart the Abyss, Bend Space, Renounce Religion


You were on level 8 of the Dungeon.
You worshipped Lugonu.
Lugonu was pleased with you.
You were not hungry.

You visited 1 branch of the dungeon, and saw 7 of its levels.
You visited the Abyss 1 time.

You collected 217 gold pieces.

Inventory:

Hand Weapons
 a - a +1 hand axe
 x - a +0 war axe (weapon)
 z - a +5 great sword
Missiles
 g - 10 arrows
 h - 183 stones
 l - 7 tomahawks
 w - 3 tomahawks of returning (quivered)
Armour
 e - a +1 scale mail of cold resistance (worn)
Jewellery
 k - a +2 ring of strength (left claw)
 A - an uncursed ring of ice {unknown}
Wands
 d - a wand of random effects (17)
 t - a wand of digging (3)
Scrolls
 i - 2 scrolls of random uselessness {unknown}
 j - a scroll of immolation {unknown}
 n - a scroll of noise
 p - 2 scrolls of teleportation {unknown}
 q - a scroll of fog {unknown}
 r - a scroll of magic mapping
 s - 4 scrolls of identify {unknown}
 u - a scroll of amnesia {unknown}
 v - 2 scrolls of remove curse
 y - a scroll of enchant armour {unknown}
Potions
 b - a potion of heal wounds {unknown}
 f - 2 potions of haste {unknown}
 m - 2 potions of flight
 o - 2 potions of curing
 B - a potion of resistance
Comestibles
 c - 6 rations


   Skills:
 + Level 5.4(2.7) Fighting
 + Level 4.2(1.6) Axes
 + Level 4.7(2.0) Armour
 + Level 3.3(0.7) Dodging
 + Level 4.7(2.0) Invocations


You had 7 spell levels left.
You didn't know any spells.
Your spell library was empty.

Dungeon Overview and Level Annotations

Branches:
Dungeon (6/15)
 Temple: D:4-7

Altars:
Elyvilon

Annotations:
D:2 1 runed translucent door, Crazy Yiuf
D:8 Psyche


Innate Abilities, Weirdness & Mutations

You cannot be hasted, slowed, berserked, paralysed or teleported.
You can dig through walls and to a lower floor.
Your four strong arms can wield two-handed weapons with a shield.
You have a pair of large antennae on your head. (SInv)
You have sharp fingernails.
You are partially covered in icy blue scales. (AC +2)
You are partially covered in rugged brown scales. (AC +1, +3% HP)
Your body sometimes deteriorates upon taking damage.


Message History

The adder skeleton barely misses you.
The two-headed ogre hits you with a +0 giant club.
The two-headed ogre hits you with a +0 giant club!!
The leopard gecko bites you. Psyche hits you but does no damage.
Space warps horribly around you!
* * * LOW HITPOINT WARNING * * *
Psyche hits you but does no damage.
The adder skeleton bites you but does no damage.
The leopard gecko bites you but does no damage.
The two-headed ogre hits you with a +0 giant club.
* * * LOW HITPOINT WARNING * * *
The two-headed ogre hits you with a +0 giant club!!
* * * LOW HITPOINT WARNING * * *
Your body deteriorates!
You feel clumsy. Psyche hits you but does no damage.
The adder skeleton bites you but does no damage.
Psyche hits you but does no damage.
The leopard gecko bites you but does no damage.
The two-headed ogre hits you with a +0 giant club!!
You die...

# #......$......
#. #.........#.#.
#.#####'##......
#............#.#
..#......[.......
#..........#.#.
#...........$.
{#..l@Z.....#.
#...@O.......
#..........#.
#............
#..........#.
#######......
....#. ..... ...#


You could see a two-headed ogre, Psyche, a leopard gecko and an adder skeleton.

Vanquished Creatures
  A sky beast (D:6)
  A phantom (D:4)
  5 wights (D:4)
  A bullfrog zombie (D:5)
  2 hounds (D:5)
  2 centaur skeletons
  Natasha (thrice) (D:2)
  An iguana (D:4)
  A worker ant (D:3)
  A hound skeleton (D:5)
  3 adders
  An ufetubus (Abyss:2)
  2 worms
  A dart slug (D:3)
  2 leopard geckos
  4 orcs
  2 ball pythons
  11 giant cockroaches
  9 goblins
  4 hobgoblins
  3 jackals (D:1)
  10 kobolds
  2 quokkas
  6 bats
  6 frilled lizards
  7 rats
91 creatures vanquished.

Notes
Turn   | Place    | Note
-------+----------+-------------------------------------------
     0 | Abyss:1  | Descartes the Formicid Abyssal Knight began the quest for
                  | the Orb.
     0 | Abyss:1  | Reached XP level 1. HP: 18/18 MP: 2/2
    51 | Abyss:1  | Found a corrupted altar of Lugonu.
    65 | Abyss:2  | Found a corrupted altar of Lugonu.
   109 | Abyss:2  | Noticed a deep elf elementalist
   110 | Abyss:2  | Noticed a great orb of eyes
   115 | D:1      | Escaped the Abyss
   383 | D:1      | Reached XP level 2. HP: 24/24 MP: 3/3
   560 | D:1      | Reached * piety under Lugonu
   560 | D:1      | Reached skill level 1 in Dodging
   687 | D:1      | Reached XP level 3. HP: 30/30 MP: 4/4
  1050 | D:2      | Noticed an ogre
  1056 | D:2      | HP: 1/30 [ogre/+0 giant club (19)]
  1549 | D:2      | Found a runed translucent door.
  1550 | D:2      | Noticed Crazy Yiuf
  1853 | D:2      | Noticed Natasha
  1858 | D:2      | Killed Natasha
  1858 | D:2      | Reached skill level 4 in Fighting
  1858 | D:2      | Reached XP level 4. HP: 28/37 MP: 5/5
  1980 | D:2      | Reached XP level 5. HP: 27/42 MP: 5/7
  2125 | D:2      | Noticed Natasha
  2132 | D:2      | Killed Natasha
  2200 | D:2      | Noticed Natasha
  2210 | D:2      | Killed Natasha
  3000 | D:3      | Reached ** piety under Lugonu
  3280 | D:3      | Reached XP level 6. HP: 46/49 MP: 8/8
  3322 | D:3      | Gained mutation: You are partially covered in icy blue
                  | scales. (AC +2) [potion of mutation]
  3322 | D:3      | Gained mutation: You are partially covered in rugged brown
                  | scales. (AC +1, +3% HP) [potion of mutation]
  3322 | D:3      | Gained mutation: Your body sometimes deteriorates upon
                  | taking damage. [potion of mutation]
  3322 | D:3      | Gained mutation: You have sharp fingernails. [potion of
                  | mutation]
  4158 | D:4      | Noticed a phantom
  4218 | D:4      | Killed a phantom
  4756 | D:5      | Entered Level 5 of the Dungeon
  4763 | D:5      | Reached XP level 7. HP: 54/56 MP: 9/9
  4859 | D:5      | Found a white marble altar of Elyvilon.
  5248 | D:5      | Reached skill level 5 in Fighting
  7073 | D:6      | Reached XP level 8. HP: 58/64 MP: 11/11
  7103 | D:6      | You fall through a shaft for 2 floors!
  7103 | D:8      | Noticed Psyche
  7110 | D:8      | Noticed a two-headed ogre
  7120 | D:8      | HP: 1/64 [two-headed ogre/+0 giant club (9)]
  7121 | D:8      | Mangled by a two-headed ogre

Skill      XL: |  1  2  3  4  5  6  7 |
---------------+----------------------+-----
Dodging        | 1 2 3 |  3.3
Fighting       | 4 5 |  5.4
Armour         | 3 4 |  4.7
Invocations    | 3 4 |  4.7
Axes           | 3 4 |  4.2

Action                   |  1- 3 |  4- 6 |  7- 9 || total
-------------------------+-------+-------+-------++-------
Melee: Hand axe          |    90 |   217 |       ||   307
       War axe           |       |     9 |   141 ||   150
Throw: Stone             |       |     5 |       ||     5
       Tomahawk          |       |     3 |       ||     3
Invok: Depart the Abyss  |     1 |       |       ||     1
  Use: Scroll            |       |     2 |     1 ||     3
       Potion            |       |     4 |       ||     4
  Eat: Chunk             |     3 |     9 |     2 ||    14
       Ration            |       |       |     2 ||     2
Armor: Leather armour    |     1 |       |       ||     1
       Scale mail        |    35 |   100 |   119 ||   254
Dodge: Dodged            |    64 |   115 |   111 ||   290
